 Dungeon Crawl Stone Soup version 0.29-a0-384-g6960b1960d (webtiles) character file.

Game seed: 5852274627968573906

27143 Bruhh the Nimble (level 13, -5/98 HPs)
             Began as a Gnoll Ice Elementalist on May 7, 2022.
             Was a Believer of Ashenzari.
             Slain by a culicivora (13 damage)
             ... on level 3 of the Lair of Beasts.
             The game lasted 00:41:17 (16505 turns).

Bruhh the Nimble (Gnoll Ice Elementalist)          Turns: 16505, Time: 00:41:17

Health: -5/98      AC: 11    Str: 12    XL:     13   Next: 30%
Magic:  18/26      EV: 18    Int: 18    God:    Ashenzari [**....]
Gold:   1580       SH:  0    Dex: 14    Spells: 4/31 levels left

rFire   + . .      SeeInvis +   j - +5 flail (vorpal)
rCold   + . .      Faith    .   (no shield)
rNeg    + . .      Spirit   .   a - +0 robe "Omniscient Entitlement" {Alch, Elem} (curse)
rPois   .          Reflect  .   R - +1 hat of Cremastomancy {Cun, Comp} (curse)
rElec   .          Harm     .   H - scarf {rC+ rF+}
rCorr   .          Rampage  .   (no gloves)
Will    .....                   D - +2 pair of boots "Fossator" {rN+ Str+4 Stlth+}
Stlth   +++++.....              v - amulet "Chained Omission" {Acrobat, Range, Comp} (curse)
HPRegen 0.26/turn               c - ring of Supernal Wisdom {AC+4, Comp, Melee} (curse)
MPRegen 0.20/turn               A - ring of wizardry

@: studying Dodging
A: fangs 1, strong nose, distributed training
a: Renounce Religion, Curse Item, Shatter the Chains


You were on level 3 of the Lair of Beasts.
You worshipped Ashenzari.
Ashenzari was pleased with you.
You visited 3 branches of the dungeon, and saw 15 of its levels.

You collected 1580 gold pieces.

Inventory:

Hand Weapons
 j - a +5 vorpal flail (weapon)
 z - a +0 club
 K - a +0 dagger
Missiles
 m - 45 poisoned darts
Armour
 a - the cursed +0 robe "Omniscient Entitlement" (worn) {Alch, Elem}

   It has a curse which improves the following skills: Alchemy: Poison Magic and
   Transmutations.
   Elements:  Fire Magic, Ice Magic, Air Magic and Earth Magic.
 x - a +0 pair of boots
 y - a +0 cloak
 D - the +2 pair of boots "Fossator" (worn) {rN+ Str+4 Stlth+}
   (You found it on level 5 of the Dungeon)

   Str:       It affects your strength (+4).
   rN:        It protects you from negative energy.
   Stlth:     It makes you more stealthy.
 H - a scarf of resistance (worn)
 R - the cursed +1 hat of Cremastomancy (worn) {Cun, Comp}
   (You found it on level 9 of the Dungeon)

   It has a curse which improves the following skills: Cunning: Dodging and
   Stealth.
   Companions: Summonings and Necromancy.
Jewellery
 c - the cursed ring of Supernal Wisdom (left hand) {AC+4, Comp, Melee}
   (You found it on level 1 of the Dungeon)

   [ring of protection]

   AC:        It affects your AC (+4).
   It has a curse which improves the following skills: Companions: Summonings
   and Necromancy.
   Melee Combat: Short Blades, Long Blades, Axes, Maces & Flails, Polearms,
   Staves and Unarmed Combat.
 d - an amulet of faith
 e - a ring of ice
 v - the cursed amulet "Chained Omission" (around neck) {Acrobat, Range, Comp}
   (You found it on level 2 of the Dungeon)

   [amulet of the acrobat]

   It increases your evasion while moving and waiting.
   It has a curse which improves the following skills: Ranged Combat: Slings,
   Bows, Crossbows and Throwing.
   Companions: Summonings and Necromancy.
 A - a ring of wizardry (right hand)
 B - a ring of fire
 I - a ring of protection from cold
 J - an amulet of guardian spirit
 Q - an amulet of magic regeneration
Wands
 l - a wand of flame (4)
 t - a wand of acid (18) (quivered)
 w - a wand of mindburst (22)
 F - a wand of paralysis (11)
 T - a wand of iceblast (4)
Scrolls
 f - a scroll of immolation
 h - 2 scrolls of fear
 i - 5 scrolls of teleportation
 n - 2 scrolls of vulnerability
 o - 4 scrolls of noise
 p - 4 scrolls of fog
 q - a scroll of enchant armour
 u - a scroll of enchant weapon
 C - 2 scrolls of silence
 N - a scroll of amnesia
 P - 4 scrolls of identify
 S - a scroll of magic mapping
Potions
 b - 2 potions of magic
 g - 3 potions of flight
 k - 5 potions of haste
 r - 8 potions of mutation
 s - 5 potions of curing
 E - 2 potions of lignification
 G - 2 potions of attraction
 L - 2 potions of resistance
 M - a potion of might
 O - a potion of cancellation


   Skills:
 + Level 8.1 Fighting
 + Level 8.1(9.4) Short Blades
 + Level 8.1(9.4) Long Blades
 + Level 8.1(9.4) Axes
 + Level 8.1(9.4) Maces & Flails
 + Level 8.1(9.4) Polearms
 + Level 8.1(9.4) Staves
 + Level 8.1(9.4) Slings
 + Level 8.1(9.4) Bows
 + Level 8.1(9.4) Crossbows
 + Level 8.1(9.4) Throwing
 + Level 8.1 Armour
 + Level 12.1(13.3) Dodging
 + Level 9.2(10.5) Stealth
 + Level 8.1 Shields
 + Level 8.1(9.4) Unarmed Combat
 + Level 9.6 Spellcasting
 + Level 6.8 Conjurations
 + Level 6.8 Hexes
 + Level 6.8(9.3) Summonings
 + Level 6.8(9.3) Necromancy
 + Level 6.8 Translocations
 + Level 6.8(8.1) Transmutations
 + Level 6.8(8.1) Fire Magic
 + Level 9.9(11.1) Ice Magic
 + Level 6.8(8.1) Air Magic
 + Level 6.8(8.1) Earth Magic
 + Level 6.8(8.1) Poison Magic
 + Level 8.9 Invocations
 + Level 8.1 Evocations


You had 4 spell levels left.
You knew the following spells:

 Your Spells              Type           Power      Damage    Failure   Level
a - Freeze                Ice            100%       1d11      1%          1
b - Frozen Ramparts       Ice            96%        1d11      1%          3
c - Ozocubu's Armour      Ice            48%        N/A       1%          3
d - Hailstorm             Conj/Ice       41%        3d10      1%          4
e - Summon Mana Viper     Hex/Summ       37%        N/A       3%          5
f - Summon Forest         Summ/Tloc      18%        N/A       3%          5
g - Summon Cactus Giant   Summ           21%        N/A       11%         6

Your spell library contained the following spells:

 Spells                   Type           Power      Damage    Failure   Level
 Beastly Appendage        Tmut           74%        N/A       1%          1
 Magic Dart               Conj           100%       1d8       1%          1
 Pain                     Necr           100%       1d9       1%          1
 Call Imp                 Summ           42%        N/A       1%          2
 Static Discharge         Conj/Air       35%        N/A       1%          2
 Sublimation of Blood     Necr           42%        N/A       1%          2
 Wereblood                Tmut           37%        N/A       1%          2
 Mephitic Cloud           Conj/Pois/Air  36%        N/A       1%          3
 Spider Form              Tmut/Pois      37%        N/A       1%          3
 Dispel Undead            Necr           42%        3d17      1%          4
 Sticky Flame             Conj/Fire      35%        2d5       1%          4
 Agony                    Necr           42%        N/A       1%          5
 Excruciating Wounds      Necr           21%        N/A       1%          5
 Summon Hydra             Summ           21%        N/A       50%         7


Dungeon Overview and Level Annotations

Branches:
Dungeon (11/15)            Temple (1/1) D:6            Lair (3/6) D:9
 Shoals (0/4) Lair:2          Orc (0/2) D:10
  Snake: Lair:2-4    Spider: Lair:2-4

Altars:
Ashenzari
Cheibriados
Dithmenos
Elyvilon
Fedhas
Gozag
Hepliaklqana
Kikubaaqudgha
Makhleb
Nemelex Xobeh
Okawaru
Qazlal
Ru
Sif Muna
Trog
Uskayaw
Vehumet
Wu Jian
Xom
Yredelemnul
Zin
The Shining One

Annotations:
D:6 3 runed translucent doors, Bruhh's ghost, novice HOFi


Innate Abilities, Weirdness & Mutations

You have very sharp teeth.
Your uncanny sense of smell can sniff out nearby items.
Your experience applies equally to all skills.


Message History

The culicivora bites you!
The culicivora draws strength from your injuries!
You hit the culicivora.
The culicivora is moderately wounded.
The culicivora misses you.
Your cactus giant completely misses the culicivora.
Casting: Ozocubu's Armour (safe; 1% risk of failure)
Confirm with . or Enter, or press ? or * to list all spells.
Aiming: Freeze (safe; 1% risk of failure)
Press: ? - help, Shift-Dir - straight line, f - culicivora
Aim: a culicivora (moderately wounded, ally target)
You freeze the culicivora.
The culicivora is moderately wounded.
The culicivora bites you!!
* * * LOW HITPOINT WARNING * * *
The culicivora draws strength from your injuries!
The culicivora closely misses you.
Casting: Freeze (safe; 1% risk of failure)
Confirm with . or Enter, or press ? or * to list all spells.
Aiming: Freeze (safe; 1% risk of failure)
Press: ? - help, Shift-Dir - straight line, f/p - culicivora
Aim: a culicivora (lightly wounded, ally target)
You freeze the culicivora!
The culicivora is moderately wounded.
The culicivora closely misses you.
Unknown command.
Casting: Freeze (safe; 1% risk of failure)
Confirm with . or Enter, or press ? or * to list all spells.
Aiming: Freeze (safe; 1% risk of failure)
Press: ? - help, Shift-Dir - straight line, f/p - culicivora
Aim: a culicivora (moderately wounded, ally target)
You freeze the culicivora.
The culicivora is heavily wounded.
The culicivora bites you!
* * * LOW HITPOINT WARNING * * *
The culicivora draws strength from your injuries!
Your cactus giant barely misses the culicivora.
The culicivora bites you but does no damage.
You feel better. The culicivora bites you!
You die...

, , .....#..#
,,.............# ,, , ,
..#..........## ###
#............# ##P# , #.
#P.....#.....# ###... , ,
*#..#......#....### ##.....
.#..###....#......####......
, ,
,.........>.......#..........
........!..@†÷÷.............
...........s................
,
...........C.....#..........
.......†..........##..#.....
,..####.†.##..†..###..##..#..
, . ##†###................. ,
#.## #................. , ,
*#. ................... , *..
#............ * ,,


You could see a culicivora (ally target) and a friendly cactus giant (summoned).

Vanquished Creatures
  A two-headed ogre (D:10)
  A death yak (D:9)
  A cyclops (D:11)
  4 elephants
  A black mamba (Lair:3)
  6 cane toads (Lair:2)
  A kobold demonologist (D:10)
  2 komodo dragons
  An ice devil (Lair:1)
  2 polar bears (Lair:3)
  2 blink frogs (Lair:3)
  A culicivora (Lair:3)
  A wraith (D:11)
  3 wyverns
  14 yaks
  4 steam dragons
  Edmund (D:4)
  A floating eye (Lair:1)
  5 water moccasins
  2 orc warriors
  2 black bears (D:6)
  An ice beast (D:7)
  6 centaurs
  9 wolves
  8 kobold brigands
  A gnoll sergeant (D:10)
  7 bullfrogs
  A necrophage (D:6)
  A scorpion (D:4)
  5 wights (D:7)
  2 howler monkeys
  5 orc priests
  2 jellies
  2 gnoll shamans
  Terence (D:2)
  5 hell rats (Lair:1)
  3 iguanas
  Natasha (twice) (D:2)
  6 orc wizards
  15 gnolls
  8 adders
  A shadow imp (D:8)
  A white imp (D:5)
  3 nameless horrors
  2 worms
  2 dart slugs
  13 orcs
  6 endoplasms
  4 giant cockroaches
  4 goblins
  4 hobgoblins
  4 jackals (D:1)
  8 quokkas
  5 ball pythons
  5 bats
  A frilled lizard (D:3)
  47 kobolds
  4 rats
260 creatures vanquished.

Vanquished Creatures (collateral kills)
  2 hydras (Lair:1)
  2 death yaks (D:9)
  2 oklob plants (Lair:1)
  10 elephants
  A black mamba (Lair:2)
  3 cane toads
  6 komodo dragons
  An ice devil (Lair:1)
  A polar bear (Lair:3)
  A blink frog (Lair:3)
  3 culicivoras (Lair:3)
  6 yaks (Lair:1)
  A steam dragon (Lair:3)
  A water moccasin (Lair:1)
  A black bear (Lair:2)
  2 wolves (Lair:2)
  A centaur (D:9)
  A phantom (D:4)
  4 bullfrogs
  A necrophage (D:5)
  An electric eel (Lair:2)
  A hell rat (Lair:1)
  A river rat (D:9)
  A white imp (D:5)
54 creatures vanquished.

Vanquished Creatures (others)
  A wizard (D:10)
  A centaur (Lair:2)
  20 fungi
  30 plants
  2 snaplasher vines (Lair:2)
54 creatures vanquished.

Grand Total: 368 creatures vanquished

Notes
Turn   | Place    | Note
-------+----------+-------------------------------------------
     0 | D:1      | Bruhh the Gnoll Ice Elementalist began the quest for the
                  | Orb.
     0 | D:1      | Reached XP level 1. HP: 13/13 MP: 6/6
   412 | D:1      | Reached XP level 2. HP: 19/19 MP: 5/7
   897 | D:1      | Reached skill level 5 in Spellcasting
   897 | D:1      | Reached XP level 3. HP: 21/25 MP: 4/9
  1014 | D:1      | Learned a level 3 spell: Frozen Ramparts
  1018 | D:1      | Learned a level 3 spell: Ozocubu's Armour
  1477 | D:2      | Found a sacrificial altar of Ru.
  1483 | D:2      | Reached skill level 1 in Invocations
  1539 | D:2      | Noticed Terence
  1546 | D:2      | Killed Terence
  1547 | D:2      | Reached skill level 1 in Fighting
  1547 | D:2      | Reached skill level 1 in Short Blades
  1547 | D:2      | Reached skill level 1 in Long Blades
  1547 | D:2      | Reached skill level 1 in Axes
  1547 | D:2      | Reached skill level 1 in Maces & Flails
  1547 | D:2      | Reached skill level 1 in Polearms
  1547 | D:2      | Reached skill level 1 in Staves
  1547 | D:2      | Reached skill level 1 in Slings
  1547 | D:2      | Reached skill level 1 in Bows
  1547 | D:2      | Reached skill level 1 in Crossbows
  1547 | D:2      | Reached skill level 1 in Throwing
  1547 | D:2      | Reached skill level 1 in Armour
  1547 | D:2      | Reached skill level 1 in Shields
  1547 | D:2      | Reached skill level 1 in Unarmed Combat
  1547 | D:2      | Reached skill level 1 in Evocations
  1547 | D:2      | Reached XP level 4. HP: 32/32 MP: 1/11
  1741 | D:2      | Found a faded altar of an unknown god.
  1751 | D:2      | Got Plato's Disquisition on Snow
  1840 | D:2      | Noticed Natasha
  1845 | D:2      | Killed Natasha
  1846 | D:2      | Reached skill level 1 in Conjurations
  1846 | D:2      | Reached skill level 1 in Hexes
  1846 | D:2      | Reached skill level 1 in Summonings
  1846 | D:2      | Reached skill level 1 in Necromancy
  1846 | D:2      | Reached skill level 1 in Translocations
  1846 | D:2      | Reached skill level 1 in Transmutations
  1846 | D:2      | Reached skill level 1 in Fire Magic
  1846 | D:2      | Reached skill level 1 in Air Magic
  1846 | D:2      | Reached skill level 1 in Earth Magic
  1846 | D:2      | Reached skill level 1 in Poison Magic
  1944 | D:2      | Noticed Natasha
  1952 | D:2      | Killed Natasha
  1953 | D:2      | Reached XP level 5. HP: 36/37 MP: 4/12
  3028 | D:3      | Found a shimmering altar of Xom.
  3188 | D:4      | Noticed a phantom
  3226 | D:4      | Killed a phantom
  3227 | D:4      | Reached XP level 6. HP: 21/44 MP: 13/13
  3487 | D:4      | Noticed Edmund
  3502 | D:4      | Killed Edmund
  3503 | D:4      | Reached skill level 5 in Dodging
  3810 | D:4      | Reached XP level 7. HP: 49/50 MP: 13/15
  4320 | D:5      | Entered Level 5 of the Dungeon
  5055 | D:5      | Reached skill level 5 in Stealth
  5068 | D:5      | Identified the +2 pair of boots "Fossator" {rN+ Str+4
                  | Stlth+}
  5478 | D:6      | Reached XP level 8. HP: 49/57 MP: 7/16
  5485 | D:6      | Paralysed by an orc for 3 turns
  5714 | D:6      | Reached skill level 6 in Dodging
  5788 | D:6      | Found a runed translucent gate.
  5788 | D:6      | Found a runed translucent gate.
  5790 | D:6      | Found an opulent altar of Gozag.
  5791 | D:6      | Found a runed translucent gate.
  5794 | D:6      | Noticed a troll
  5794 | D:6      | Noticed Bruhh's ghost (novice HOFi)
  5896 | D:6      | Found a staircase to the Ecumenical Temple.
  6084 | Temple   | Entered the Ecumenical Temple
  6685 | D:7      | Found a broken altar of Ashenzari.
  6700 | D:7      | Became a worshipper of Ashenzari the Shackled
  6736 | D:7      | Reached XP level 9. HP: 41/65 MP: 6/18
  7021 | D:7      | Found a shimmering blue altar of Sif Muna.
  7181 | D:7      | Found a hide-covered altar of Uskayaw.
  7286 | D:7      | Found a sparkling altar of Nemelex Xobeh.
  7501 | D:7      | Reached skill level 7 in Dodging
  8190 | D:8      | Reached skill level 5 in Invocations
  8626 | D:8      | Found a faded altar of an unknown god.
  8626 | D:8      | Found an ancient bone altar of Kikubaaqudgha.
  8647 | D:8      | Found a faded altar of an unknown god.
  8690 | D:8      | Found a glowing golden altar of the Shining One.
  8692 | D:8      | Found a blossoming altar of Fedhas.
  8852 | D:8      | Reached XP level 10. HP: 41/73 MP: 15/20
  9129 | D:9      | Learned a level 4 spell: Hailstorm
  9130 | D:9      | You fall into a shaft and drop 2 floors!
  9167 | D:11     | Noticed a cyclops
  9180 | D:11     | Killed a cyclops
  9181 | D:11     | Reached skill level 5 in Fighting
  9181 | D:11     | Reached skill level 5 in Short Blades
  9181 | D:11     | Reached skill level 5 in Long Blades
  9181 | D:11     | Reached skill level 5 in Axes
  9181 | D:11     | Reached skill level 5 in Maces & Flails
  9181 | D:11     | Reached skill level 5 in Polearms
  9181 | D:11     | Reached skill level 5 in Staves
  9181 | D:11     | Reached skill level 5 in Slings
  9181 | D:11     | Reached skill level 5 in Bows
  9181 | D:11     | Reached skill level 5 in Crossbows
  9181 | D:11     | Reached skill level 5 in Throwing
  9181 | D:11     | Reached skill level 5 in Armour
  9181 | D:11     | Reached skill level 8 in Dodging
  9181 | D:11     | Reached skill level 5 in Shields
  9181 | D:11     | Reached skill level 5 in Unarmed Combat
  9181 | D:11     | Reached skill level 5 in Evocations
  9455 | D:11     | Noticed a cyclops
  9842 | D:10     | Entered Level 10 of the Dungeon
  9847 | D:10     | Found a staircase to the Orcish Mines.
 10103 | D:10     | Noticed a kobold demonologist
 10220 | D:10     | Killed a kobold demonologist
 10391 | D:10     | Reached * piety under Ashenzari
 10391 | D:10     | Identified a scroll of acquirement
 10625 | D:10     | Found a bloodstained altar of Trog.
 10627 | D:10     | Noticed a wizard
 10632 | D:10     | Killed a wizard
 10666 | D:10     | Noticed a two-headed ogre
 10675 | D:10     | Killed a two-headed ogre
 10910 | D:9      | Noticed a death yak
 10928 | D:9      | Learned a level 5 spell: Summon Mana Viper
 10936 | D:9      | Learned a level 5 spell: Summon Forest
 10943 | D:9      | Noticed a death yak
 10952 | D:9      | Noticed a death yak
 10956 | D:9      | Killed a death yak
 10957 | D:9      | Reached skill level 9 in Dodging
 10959 | D:9      | Killed a death yak
 10962 | D:9      | Killed a death yak
 10963 | D:9      | Reached XP level 11. HP: 68/81 MP: 3/22
 11008 | D:9      | Found a staircase to the Lair.
 11093 | D:9      | Reached skill level 5 in Conjurations
 11093 | D:9      | Reached skill level 5 in Hexes
 11093 | D:9      | Reached skill level 5 in Summonings
 11093 | D:9      | Reached skill level 5 in Necromancy
 11093 | D:9      | Reached skill level 5 in Translocations
 11093 | D:9      | Reached skill level 5 in Transmutations
 11093 | D:9      | Reached skill level 5 in Fire Magic
 11093 | D:9      | Reached skill level 5 in Air Magic
 11093 | D:9      | Reached skill level 5 in Earth Magic
 11093 | D:9      | Reached skill level 5 in Poison Magic
 11208 | Lair:1   | Entered Level 1 of the Lair of Beasts
 11311 | Lair:1   | Noticed an oklob plant
 11332 | Lair:1   | Killed an oklob plant
 11424 | Lair:1   | Noticed an oklob plant
 11578 | Lair:1   | Killed an oklob plant
 11594 | Lair:1   | Reached ** piety under Ashenzari
 11631 | Lair:1   | Noticed a seven-headed hydra
 11645 | Lair:1   | Killed a seven-headed hydra
 11737 | Lair:1   | Noticed an eight-headed hydra
 11746 | Lair:1   | Killed an eight-headed hydra
 11749 | Lair:1   | Reached skill level 10 in Dodging
 12410 | Lair:1   | Learned a level 6 spell: Summon Cactus Giant
 12419 | Lair:1   | Paralysed by a floating eye for 3 turns
 12422 | Lair:1   | Noticed a nameless horror
 12436 | Lair:1   | Killed a nameless horror
 12457 | Lair:1   | Reached XP level 12. HP: 20/89 MP: 13/24
 12943 | Lair:1   | Acquired 866 gold pieces
 13688 | Lair:2   | Reached skill level 11 in Dodging
 14792 | Lair:2   | Found a staircase to the Shoals.
 15412 | Lair:3   | Reached XP level 13. HP: 65/98 MP: 7/26
 15503 | Lair:3   | HP: 3/98 [blink frog (5)]
 15997 | Lair:3   | Reached skill level 12 in Dodging
 16504 | Lair:3   | HP: 3/98 [culicivora (17)]
 16505 | Lair:3   | Slain by a culicivora

Illustrated notes

Levels and vault maps discovered:
D:1:      dpeg_arrival_simpleton_b, layout_basic, minmay_distorted
D:2:      layout_rooms, basic_altar, shapermc_ecumenical_altar_rom_forum,
          kennysheep_generic_room_2, uniq_natasha, uniq_terence
D:3:      layout_loops_ring, mainiacjoe_overflow_alcove_4,
          chequers_serial_rivers_room_b
D:4:      layout_basic, uniq_edmund
D:5:      layout_basic, minmay_manual_mess
D:6:      layout_loops_cross, minmay_temple_entry_crystal_x,
          ebering_ghost_gozag, minmay_chambers_of_fives
D:7:      layout_basic, mainiacjoe_overflow_alcove_2,
          cheibrodos_ashenzari_chains, nicolae_uskayaw_murder_on_the_dancefloor,
          lemuel_tele_altar
D:8:      layout_basic, chequers_temple_overflow_minitemple
D:9:      layout_big_octagon, dpeg_lair_monsters, serial_shops,
          nicolae_shop_hallway_stairs, shop_statue, shop,
          hangedman_abyss_or_decor_passed
D:10:     layout_loops_corners, trog_wizard, david_orc_3,
          kennysheep_generic_room_7
D:11:     layout_basic, minivault_1
Temple:   dshaligram_water_room_temple
Lair:1:   layout_hall_layers, portal_ice_cave_demonic_guard, disabler_island
Lair:2:   layout_big_grid, minmay_shoals_entry_centaurs, lemuel_fruit_tree,
          grunt_megastairs_4, infiniplex_staircase_pool
Lair:3:   layout_gridlike, hellmonk_spider_entry_life_and_decay,
          chequers_serial_rivers_small_a, st_stairs_5, ice2_lemuel, uniq_fannar

Skill      XL: |  1  2  3  4  5  6  7  8  9 10 11 12 13 |
---------------+----------------------------------------+-----
Spellcasting   | 5 6 7 8 9 |  9.6
Invocations    | 1 2 3 4 5 6 7 8 |  8.9
Fighting       | 1 2 3 4 6 7 8 |  8.1
Short Blades   | 1 2 3 4 6 7 8 |  8.1
Long Blades    | 1 2 3 4 6 7 8 |  8.1
Axes           | 1 2 3 4 6 7 8 |  8.1
Maces & Flails | 1 2 3 4 6 7 8 |  8.1
Polearms       | 1 2 3 4 6 7 8 |  8.1
Staves         | 1 2 3 4 6 7 8 |  8.1
Slings         | 1 2 3 4 6 7 8 |  8.1
Bows           | 1 2 3 4 6 7 8 |  8.1
Crossbows      | 1 2 3 4 6 7 8 |  8.1
Throwing       | 1 2 3 4 6 7 8 |  8.1
Armour         | 1 2 3 4 6 7 8 |  8.1
Shields        | 1 2 3 4 6 7 8 |  8.1
Unarmed Combat | 1 2 3 4 6 7 8 |  8.1
Evocations     | 1 2 3 4 6 7 8 |  8.1
Conjurations   | 1 2 3 4 5 6 |  6.8
Hexes          | 1 2 3 4 5 6 |  6.8
Summonings     | 1 2 3 4 5 6 |  6.8
Necromancy     | 1 2 3 4 5 6 |  6.8
Translocations | 1 2 3 4 5 6 |  6.8
Transmutations | 1 2 3 4 5 6 |  6.8
Fire Magic     | 1 2 3 4 5 6 |  6.8
Air Magic      | 1 2 3 4 5 6 |  6.8
Earth Magic    | 1 2 3 4 5 6 |  6.8
Poison Magic   | 1 2 3 4 5 6 |  6.8
Dodging        | 5 6 7 9 10 11 12 | 12.1
Stealth        | 5 6 7 8 9 |  9.2
Ice Magic      | 8 9 |  9.9

Action                   |  1- 3 |  4- 6 |  7- 9 | 10-12 | 13-15 || total
-------------------------+-------+-------+-------+-------+-------++-------
Melee: Unarmed           |    18 |    11 |       |       |       ||    29
       Club              |       |    24 |       |       |       ||    24
       Flail             |       |     6 |   109 |   127 |    30 ||   272
       Punch             |       |     1 |     3 |     6 |     2 ||    12
       Bite              |       |       |    17 |    15 |     3 ||    35
Throw: Dart              |       |       |     1 |       |       ||     1
 Cast: Freeze            |    40 |    40 |    95 |    67 |     7 ||   249
       Frozen Ramparts   |     1 |     2 |    13 |    17 |     3 ||    36
       Ozocubu's Armour  |     1 |     2 |    13 |    11 |     2 ||    29
       Summon Mana Viper |       |       |       |    24 |     8 ||    32
       Summon Forest     |       |       |       |     8 |     2 ||    10
       Hailstorm         |       |       |       |     9 |     2 ||    11
       Summon Cactus Gia |       |       |       |     3 |     8 ||    11
Invok: Curse Item        |       |       |       |     4 |       ||     4
  Use: Scroll            |       |     1 |     2 |    14 |     6 ||    23
       Potion            |       |     1 |     1 |     5 |     2 ||     9
 Stab: Sleeping          |       |     1 |     3 |     1 |       ||     5
Armor: Robe              |     8 |     6 |    74 |    76 |    27 ||   191
Dodge: Dodged            |    34 |    53 |   202 |   273 |    92 ||   654

Table legend: (Time is in decaauts)
 A = Elapsed time spent in this place.
 B = Non-inter-level travel time spent in this place.
 C = Inter-level travel time spent in this place.
 D = Time resting spent in this place.
 E = Time spent auto-exploring this place.
 F = Levels seen in this place.
 G = Mean time per level.
                   A        B        C        D        E       F      G
               +--------+--------+--------+--------+--------+-----+--------+
         Total |  16544 |  15920 |    624 |    559 |  12783 |  15 | 1102.9 |
       Dungeon |  11166 |  10588 |    578 |      0 |   8898 |  11 | 1015.1 |
        Temple |     94 |     94 |      0 |      0 |     60 |   1 |   94.0 |
          Lair |   5283 |   5237 |     46 |    559 |   3824 |   3 | 1761.0 |
               +--------+--------+--------+--------+--------+-----+--------+

Top non-repeatable levels by time:
  Lair:1: 2423 daAuts
  Lair:2: 1872 daAuts
     D:1: 1438 daAuts
     D:8: 1417 daAuts
     D:4: 1193 daAuts
     D:7: 1192 daAuts
     D:5: 1112 daAuts
    D:10: 1051 daAuts
     D:6: 1008 daAuts
  Lair:3: 987 daAuts
     D:3: 890 daAuts
     D:2: 803 daAuts
    D:11: 732 daAuts
     D:9: 325 daAuts
  Temple: 94 daAuts
